[Event "Titled Tuesday Blitz August 22 Early 2023"]
[White "Yurasova, Daria"]
[Black "Miguelitro69"]
[WhiteFideId "34146919"]
[WhiteElo "2498"]
[BlackElo "2281"]
[Result "1-0"]
[Round "9"]
[TimeControl "180+1"]
[Date "2023.08.22"]
[WhiteClock "0:01:55"]
[BlackClock "0:01:00"]
[Board "112"]

1. d4 Nf6 2. Bg5 e6 3. e4 Be7 4. Nd2 h6 5. Bxf6 Bxf6 6. c3 d6 7. Bd3 e5 8. Ne2 O-O 9. O-O Nc6 10. d5 Nb8 11. c4 a5 12. b3 Na6 13. a3 Nc5 14. Bc2 b5 15. b4 axb4 16. axb4 Rxa1 17. Qxa1 Na6 18. cxb5 Nxb4 19. Bb1 Qd7 20. Qa5 Nxd5 21. exd5 Qg4 22. Ng3 h5 23. Nge4 Bd8 24. Qc3 h4 25. Qc2 Bf5 26. Nf6+ Bxf6 27. Qxf5 Qxf5 28. Bxf5 Rb8 29. Bd7 Kf8 30. Ne4 Ke7 31. Bc6 g6 32. f3 Bg7 33. Rc1 Bh6 34. Ra1 Be3+ 35. Kf1 Rh8 36. Ke2 Bb6 37. Nd2 f5 38. Nc4 Bc5 39. b6 cxb6 40. Ra7+ Kf6 41. Rd7 h3 42. g3 f4 43. g4 Rb8 44. Nxd6 b5 45. Ne4# 1-0


[Site "https://www.chess.com"]

[Event "Titled Tuesday Blitz August 22 Early 2023"]
[White "le-castor-faineant"]
[Black "Khamdamova, Afruza"]
[BlackFideId "14210444"]
[WhiteElo "2269"]
[BlackElo "2497"]
[Result "1/2-1/2"]
[Round "9"]
[TimeControl "180+1"]
[Date "2023.08.22"]
[WhiteClock "0:00:13"]
[BlackClock "0:00:02"]
[Board "113"]

1. e4 e5 2. Nf3 Nc6 3. Bc4 Nf6 4. Nc3 Nxe4 5. Bxf7+ Kxf7 6. Nxe4 d5 7. Ng3 e4 8. Ng1 Bc5 9. N1e2 Rf8 10. O-O Kg8 11. d4 Bd6 12. c4 Bg4 13. cxd5 Bxg3 14. dxc6 Bd6 15. cxb7 Rb8 16. Qb3+ Kh8 17. Ng3 Qh4 18. Qb5 h6 19. Bd2 Be6 20. Bb4 Rf5 21. Qxf5 Bxf5 22. Bxd6 cxd6 23. Nxf5 Qf6 24. Ne3 Rxb7 25. b3 Qxd4 26. Rfd1 Qf6 27. Rac1 Rf7 28. Rd2 h5 29. Rc6 Qa1+ 30. Nd1 Rf6 31. h3 h4 32. Kh2 Qe5+ 33. Kg1 d5 34. Rc5 Rd6 35. Ne3 Qa1+ 36. Kh2 d4 37. Nf5 Rd8 38. Rc4 Qe1 39. Rcxd4 Rxd4 40. Rxd4 Qxf2 41. Rxe4 Qxf5 42. Rxh4+ Kg8 43. Rg4 Qe5+ 44. Kg1 Qa1+ 45. Kh2 Qxa2 46. b4 Qe6 47. Kh1 a6 48. Kh2 Qd6+ 49. Kh1 Kf7 50. Kg1 Kf6 51. Kh1 g5 52. Kg1 Kf5 53. Kh1 Qd1+ 54. Kh2 Qd6+ 55. Kg1 Qb6+ 56. Kf1 Qd8 57. Kf2 Qd2+ 58. Kf3 Ke5 59. Re4+ Kd5 60. Rg4 Kc6 61. h4 gxh4 62. Rxh4 Qe1 63. Rf4 Qf1+ 64. Kg3 Qd3+ 65. Kg4 Kb5 66. g3 Qg6+ 67. Kf3 Qh5+ 68. Kf2 Qh2+ 69. Kf3 Qh1+ 70. Kf2 Ka4 71. Ke3 Kb3 72. Kf2 Kc3 73. Ke3 Qg1+ 74. Kf3 Kd3 75. Kg4 Ke3 76. Rf3+ Ke4 77. Rf4+ Ke5 78. Rf5+ Ke6 79. Rf4 Qd1+ 80. Kh3 Ke5 81. Kg2 Qe2+ 82. Kh3 Qe3 83. Kg4 Qd2 84. Kh3 Qxf4 85. gxf4+ Kxf4 86. Kg2 Ke3 87. Kf1 Kd2 88. Kf2 Kc3 89. Ke1 Kxb4 90. Kd1 Kb3 91. Kc1 Ka2 92. Kc2 a5 93. Kc1 a4 94. Kc2 a3 95. Kc1 Kb3 96. Kb1 Kc3 97. Ka1 Kb3 98. Kb1 a2+ 99. Ka1 Ka3 1/2-1/2


[Site "https://www.chess.com"]

[Event "Titled Tuesday Blitz August 22 Early 2023"]
[White "Biregina"]
[Black "Kriti Mayur Patel"]
[BlackFideId "35061780"]
[WhiteElo "2414"]
[BlackElo "2121"]
[Result "1-0"]
[Round "9"]
[TimeControl "180+1"]
[Date "2023.08.22"]
[WhiteClock "0:00:15"]
[BlackClock "0:00:02"]
[Board "114"]

1. d4 d5 2. Nf3 Nf6 3. e3 e6 4. b3 c5 5. Bb2 Nc6 6. Ne5 Nxe5 7. dxe5 Nd7 8. c4 dxc4 9. Bxc4 a6 10. a4 Qg5 11. O-O Be7 12. f4 Qg6 13. Bd3 Qh6 14. Rf3 g5 15. Rh3 Qg7 16. Qg4 h6 17. Nd2 f5 18. exf6 Nxf6 19. Bxf6 Bxf6 20. Qh5+ Ke7 21. Rc1 e5 22. fxe5 Bxe5 23. Rf3 Be6 24. Bc4 Bxc4 25. Nxc4 Rhf8 26. Rcf1 Bf6 27. e4 b5 28. e5 Bxe5 29. Nxe5 Qxe5 30. Rf7+ Kd6 31. Qxh6+ Kd5 32. Rd7+ Ke4 33. Re1+ Kf4 34. g3+ Kf5 35. Qh7+ Kg4 36. Re4+ Qxe4 37. Qxe4+ Kh5 38. Rh7# 1-0


[Site "https://www.chess.com"]

[Event "Titled Tuesday Blitz August 22 Early 2023"]
[White "Balint, Vilmos"]
[Black "Agibileg, Uurtsaikh"]
[WhiteFideId "718050"]
[BlackFideId "4901606"]
[WhiteElo "2255"]
[BlackElo "2611"]
[Result "0-1"]
[Round "9"]
[TimeControl "180+1"]
[Date "2023.08.22"]
[WhiteClock "0:00:35"]
[BlackClock "0:01:03"]
[Board "115"]

1. e4 c5 2. Nf3 e6 3. d4 cxd4 4. Nxd4 Nc6 5. Nxc6 bxc6 6. Bd3 d5 7. O-O Nf6 8. Re1 Be7 9. Nc3 O-O 10. Bg5 h6 11. Bxf6 Bxf6 12. exd5 Bxc3 13. bxc3 cxd5 14. c4 d4 15. c3 dxc3 16. Qc2 Bb7 17. Qxc3 Qg5 18. Bf1 Rac8 19. Rac1 Rc5 20. Qa3 a5 21. Rc3 Rfc8 22. Rg3 Qd2 23. Rb1 Be4 24. Rc1 a4 25. Qc3 Qxc3 26. Rgxc3 e5 27. f3 Bc6 28. Kf2 f5 29. Ke3 Kf7 30. g3 g5 31. f4 exf4+ 32. gxf4 Re8+ 33. Kf2 gxf4 34. Rb1 f3 35. Rb6 Rd8 36. Rc2 Be4 37. Rcb2 a3 38. R2b3 Rd2+ 39. Kg3 Rxa2 40. Rxh6 Rb2 41. Rxa3 Kg7 42. Rd6 Rc7 43. h4 Kh7 44. Bh3 Rg7+ 45. Kf4 f2 46. Raa6 Rb3 47. Rh6+ Kg8 48. Bf1 Rb1 49. Be2 Re1 50. Bd3 Bxd3 51. Ra8+ Kf7 52. Ra7+ Re7 0-1


[Site "https://www.chess.com"]

[Event "Titled Tuesday Blitz August 22 Early 2023"]
[White "Pein, Jonathan"]
[Black "Tologon tegin, Semetei"]
[WhiteFideId "417092"]
[BlackFideId "13800574"]
[WhiteElo "2418"]
[BlackElo "2597"]
[Result "0-1"]
[Round "9"]
[TimeControl "180+1"]
[Date "2023.08.22"]
[WhiteClock "0:00:09"]
[BlackClock "0:00:26"]
[Board "116"]

1. d3 d5 2. Nf3 Nc6 3. Nbd2 e5 4. e4 Nf6 5. Be2 Bc5 6. O-O O-O 7. c3 Re8 8. Qc2 a5 9. h3 h6 10. b3 Ba7 11. Bb2 Nh5 12. Rfe1 Nf4 13. Bf1 dxe4 14. dxe4 Qf6 15. Rad1 Qg6 16. Kh1 Bxf2 17. Nc4 Qg3 18. Re2 Nxe2 19. Qxe2 Ba7 20. Bc1 Be6 21. Ne3 Rad8 22. Nd5 Bxd5 23. exd5 e4 24. Nh2 Ne7 25. c4 Nf5 26. Qg4 Qf2 27. Rd2 Qg1# 0-1


[Site "https://www.chess.com"]

[Event "Titled Tuesday Blitz August 22 Early 2023"]
[White "Polaczek, Richard"]
[Black "Kochiev, Ivan"]
[WhiteFideId "200026"]
[BlackFideId "2917890"]
[WhiteElo "2395"]
[BlackElo "2567"]
[Result "0-1"]
[Round "9"]
[TimeControl "180+1"]
[Date "2023.08.22"]
[WhiteClock "0:00:19"]
[BlackClock "0:00:02"]
[Board "117"]

1. d4 Nf6 2. c4 e6 3. Nc3 c5 4. d5 exd5 5. cxd5 d6 6. h3 g6 7. Nf3 Bg7 8. e4 O-O 9. Bd3 b5 10. Nxb5 Nxe4 11. Bxe4 Re8 12. Ng5 Qa5+ 13. Nc3 Ba6 14. Qc2 h6 15. Ne6 fxe6 16. Be3 Nc6 17. dxc6 d5 18. Bxg6 d4 19. Bxe8 dxe3 20. Bd7 exf2+ 21. Kd2 Rf8 22. Raf1 Bxf1 23. Rxf1 Qb4 24. Kc1 Kh8 25. Kb1 Qd4 26. Qe4 Qd6 27. Nd1 Rb8 28. Rxf2 Qxd1# 0-1


[Site "https://www.chess.com"]

[Event "Titled Tuesday Blitz August 22 Early 2023"]
[White "ExchangeAB"]
[Black "Sanduleac, Vasile"]
[BlackFideId "13900161"]
[WhiteElo "2414"]
[BlackElo "2499"]
[Result "1-0"]
[Round "9"]
[TimeControl "180+1"]
[Date "2023.08.22"]
[WhiteClock "0:01:03"]
[BlackClock "0:01:28"]
[Board "118"]

1. d4 d6 2. e4 g6 3. Nc3 Bg7 4. Nf3 Bg4 5. Be2 c6 6. O-O Nd7 7. h3 Bxf3 8. Bxf3 Ngf6 9. Be3 O-O 10. Qd2 Qc7 11. g3 e5 12. Bg2 a6 13. Rad1 Rfe8 14. dxe5 dxe5 15. Qd6 Qa5 16. a3 Bf8 17. Qd2 Rad8 18. Nd5 Qxd2 19. Nxf6+ Nxf6 20. Rxd2 Rxd2 21. Bxd2 Rd8 22. Be3 Nd7 23. Rd1 Be7 24. Kf1 Nf8 25. Rxd8 Bxd8 26. Bf3 h5 27. c3 Ne6 28. Ke2 Kf8 29. Kd3 Ke7 30. b4 Kd7 31. Bd1 h4 32. Bg4 b5 33. Ke2 hxg3 34. fxg3 a5 35. Kf3 a4 36. h4 Bf6 37. Bf2 Ke7 38. Bxe6 Kxe6 39. g4 Be7 40. h5 g5 41. Bc5 Bxc5 42. bxc5 Kf6 43. Ke3 Ke6 44. Kd3 f6 45. c4 1-0


[Site "https://www.chess.com"]

[Event "Titled Tuesday Blitz August 22 Early 2023"]
[White "Efremov, Vladislav"]
[Black "Warchol, Kamil"]
[WhiteFideId "44159935"]
[BlackFideId "21858241"]
[WhiteElo "2389"]
[BlackElo "2498"]
[Result "0-1"]
[Round "9"]
[TimeControl "180+1"]
[Date "2023.08.22"]
[WhiteClock "0:00:13"]
[BlackClock "0:00:15"]
[Board "119"]

1. c4 e5 2. Nc3 Nf6 3. g3 c6 4. Bg2 d5 5. cxd5 cxd5 6. e3 d4 7. Ne4 Nxe4 8. Bxe4 dxe3 9. dxe3 Bb4+ 10. Bd2 Bxd2+ 11. Qxd2 Qxd2+ 12. Kxd2 O-O 13. Nf3 Nd7 14. Ke2 Nc5 15. Bd5 e4 16. Nd4 Rd8 17. Bc4 Bg4+ 18. Kf1 Rac8 19. Kg2 Na4 20. Rac1 Nxb2 21. Bb3 Nd3 22. Rxc8 Rxc8 23. Rb1 b6 24. Bd5 Nc5 25. Rc1 Rd8 26. Bc6 Bd7 27. Bxd7 Rxd7 28. a4 g6 29. a5 Kg7 30. Rc4 Kf6 31. Kf1 Ke5 32. Rb4 Rb7 33. axb6 Rxb6 34. Rc4 Kd5 35. Rc2 a5 36. Ke2 a4 37. f3 a3 38. Kd2 exf3 39. Nxf3 Ne4+ 40. Kd3 Nc5+ 41. Kd2 Nb3+ 42. Kc3 Na5 43. Nd4 Nc6 44. Ra2 Nxd4 45. exd4 Rc6+ 46. Kd3 Ra6 47. Kc3 Ra4 48. h3 h5 49. Kb3 Rxd4 50. Kxa3 Rd3+ 51. Kb4 Rxg3 52. Rf2 Ke6 53. Rh2 Kf5 54. Kc4 Kg5 55. Kd4 Kh4 56. Rf2 f5 57. Ke5 Kxh3 58. Kf6 h4 59. Rf1 Kg2 60. Ra1 h3 61. Ra2+ Kf3 62. Ra3+ Kg4 63. Ra4+ f4 64. Kxg6 h2 65. Ra1 Rg1 66. Kh6 Rxa1 67. Kg7 h1=Q 68. Kg6 Qd5 69. Kf6 Ra6+ 70. Ke7 Qb7+ 71. Kd8 Ra8# 0-1


[Site "https://www.chess.com"]

[Event "Titled Tuesday Blitz August 22 Early 2023"]
[White "DeyanKostov"]
[Black "Ziatdinov, Raset"]
[BlackFideId "2015323"]
[WhiteElo "2469"]
[BlackElo "2362"]
[Result "1-0"]
[Round "9"]
[TimeControl "180+1"]
[Date "2023.08.22"]
[WhiteClock "0:00:18"]
[BlackClock "0:00:14"]
[Board "120"]

1. d4 Nf6 2. c4 e6 3. Nc3 d5 4. cxd5 exd5 5. Bg5 Nbd7 6. e3 c6 7. Bd3 Bd6 8. Qc2 Nf8 9. Nf3 Ne6 10. Bh4 g6 11. Ne5 O-O 12. O-O Ng7 13. f4 Nf5 14. Bf2 h5 15. e4 dxe4 16. Nxe4 Bxe5 17. dxe5 Nd5 18. Bc5 Nfe3 19. Qe2 Nxf1 20. Rxf1 Bf5 21. Bxf8 Qxf8 22. Nd6 Bxd3 23. Qxd3 Qe7 24. Qb3 Rd8 25. h3 Qc7 26. f5 Qb6+ 27. Qxb6 axb6 28. g4 hxg4 29. hxg4 Ne3 30. Rf4 Nd5 31. Rf3 Ra8 32. e6 fxe6 33. fxe6 Ra4 34. Kg2 Rxg4+ 35. Kh3 Rg5 36. Rd3 Nf4+ 37. Kh4 Nxd3 38. Kxg5 Nc5 39. e7 Ne6+ 40. Kf6 Nc7 41. e8=Q+ Nxe8+ 42. Nxe8 Kf8 43. Nd6 g5 44. Kxg5 Ke7 45. Nxb7 Ke6 46. Kf4 Kd5 47. Ke3 Kc4 48. Kd2 Kd4 49. Nd6 Kc5 50. Nf5 Kd5 51. Ne3+ Kd4 52. Nc2+ Kc4 53. b3+ Kd5 54. Kc3 c5 55. Ne3+ Kc6 56. a3 Kb5 57. Nc4 Kc6 58. Ne5+ Kb5 59. Nd3 Kc6 60. a4 Kd5 61. Nf4+ Kc6 62. Kc4 Kc7 63. Kb5 Kb7 64. Nd5 c4 65. bxc4 Ka7 66. Nxb6 Kb7 67. c5 Ka7 68. Nd5 Kb7 69. c6+ Ka7 70. c7 Kb7 71. Kc5 Kc8 72. Kd6 Kb7 73. Kd7 Ka7 74. Nf6 Kb6 75. c8=Q Ka7 76. Qc1 Kb6 77. Qb1+ Ka7 78. Kc6 1-0


[Site "https://www.chess.com"]

[Event "Titled Tuesday Blitz August 22 Early 2023"]
[White "Mmukka"]
[Black "Pavlidou, Ekaterini"]
[BlackFideId "4213262"]
[WhiteElo "2466"]
[BlackElo "2361"]
[Result "0-1"]
[Round "9"]
[TimeControl "180+1"]
[Date "2023.08.22"]
[WhiteClock "0:00:03"]
[BlackClock "0:00:23"]
[Board "121"]

1. e4 c5 2. Nf3 Nc6 3. d4 cxd4 4. Nxd4 Nf6 5. Nc3 e6 6. a3 Bc5 7. Nxc6 bxc6 8. e5 Nd5 9. Ne4 Qa5+ 10. c3 Be7 11. Qg4 g6 12. Bg5 h6 13. Bxe7 Kxe7 14. Qh4+ g5 15. Nxg5 hxg5 16. Qxh8 Nxc3 17. Qf6+ Ke8 18. b4 Qd5 19. Qxg5 Qe4+ 20. Qe3 Qxe3+ 21. fxe3 c5 22. Rc1 cxb4 23. axb4 Nd5 24. Be2 Bb7 25. Bf3 a5 26. bxa5 Rxa5 27. O-O Bc6 28. Rfe1 Ra2 29. h4 Kf8 30. Kh2 Kg7 31. Bxd5 Bxd5 32. e4 Bc6 33. Kg3 f6 34. exf6+ Kxf6 35. Rc5 Ra4 36. Kf4 Ra2 37. g4 Ba8 38. h5 d6 39. g5+ Ke7 40. Rc7+ Kf8 41. Rb1 e5+ 42. Kf5 Rf2+ 43. Kg6 Bxe4+ 44. Kh6 Bxb1 45. g6 Bxg6 46. hxg6 Rh2+ 47. Kg5 e4 48. Rc8+ Ke7 49. Rc7+ Kf8 50. Kf6 Rf2+ 51. Ke6 e3 52. Rc1 e2 53. Re1 Kg7 54. Kxd6 Kxg6 55. Kd5 Kf5 56. Kd4 Kf4 57. Kd3 Kf3 58. Kd2 Rg2 59. Ra1 Rg4 60. Ra3+ Kf2 61. Ra1 Rd4+ 62. Kc3 Rd1 0-1


[Site "https://www.chess.com"]

[Event "Titled Tuesday Blitz August 22 Early 2023"]
[White "Womacka, Mathias"]
[Black "Pavlidis, Anastasios"]
[WhiteFideId "4611390"]
[BlackFideId "4208404"]
[WhiteElo "2451"]
[BlackElo "2332"]
[Result "1-0"]
[Round "9"]
[TimeControl "180+1"]
[Date "2023.08.22"]
[WhiteClock "0:02:06"]
[BlackClock "0:00:00"]
[Board "122"]

1. e4 c5 2. Nf3 d6 3. d4 cxd4 4. Nxd4 Nf6 5. Nc3 g6 6. Be3 Bg7 7. f3 O-O 8. Qd2 Nc6 9. O-O-O d5 10. exd5 Nxd5 11. Nxc6 bxc6 12. Bd4 Nxc3 13. Qxc3 Bh6+ 14. Be3 Bxe3+ 15. Qxe3 Qb6 16. Qxe7 Bf5 17. Bc4 Rab8 18. b3 Qa5 19. g4 Be6 20. Bxe6 fxe6 21. Rd7 1-0


[Site "https://www.chess.com"]

[Event "Titled Tuesday Blitz August 22 Early 2023"]
[White "Balla, Tamas-Kristof"]
[Black "Petrova, Irina"]
[WhiteFideId "1208497"]
[BlackFideId "14124122"]
[WhiteElo "2443"]
[BlackElo "2358"]
[Result "1/2-1/2"]
[Round "9"]
[TimeControl "180+1"]
[Date "2023.08.22"]
[WhiteClock "0:00:05"]
[BlackClock "0:00:17"]
[Board "123"]

1. e4 d6 2. d4 Nf6 3. Nc3 e5 4. Nf3 Nbd7 5. Bc4 Be7 6. O-O O-O 7. a4 c6 8. b3 h6 9. Bb2 Re8 10. Re1 Qc7 11. Qe2 Bf8 12. Rad1 exd4 13. Nxd4 d5 14. Bd3 dxe4 15. Nxe4 Nxe4 16. Bxe4 Nf6 17. Qd3 Nxe4 18. Rxe4 Rxe4 19. Qxe4 Bd7 20. h3 Re8 21. Qf3 Bc8 22. Nf5 Bxf5 23. Qxf5 Re6 24. g3 Qe7 25. Rd4 Re1+ 26. Kg2 Qe2 27. Qd3 Qxd3 28. Rxd3 Re2 29. Rc3 Be7 30. Bc1 Bf6 31. Rc4 Kf8 32. Be3 a6 33. Kf1 Rxe3 34. fxe3 Ke7 35. Ke2 Kd6 36. Kf3 Kd5 37. h4 h5 38. Rf4 Ke6 39. Rb4 b5 40. axb5 axb5 41. Re4+ Kd5 42. Rf4 Ke6 43. Ke4 g6 44. Rf1 Bc3 45. Rd1 Be5 46. Kf3 Bc3 47. g4 hxg4+ 48. Kxg4 Bf6 49. Rf1 Be7 50. Rf3 Bd8 51. h5 gxh5+ 52. Kxh5 Bc7 53. Kh6 Be5 54. Kg5 Bc3 55. e4 Be5 56. Rf5 Bc3 57. Kg4 Be5 58. Kf3 f6 59. Ke2 Kd6 60. Kd3 Kc5 61. Rf1 Kd6 62. c3 Kc5 63. b4+ Kb6 64. Rf5 c5 65. bxc5+ Kxc5 66. Rf3 b4 67. cxb4+ Kxb4 68. Rf1 Kc5 69. Ke3 Kd6 70. Rd1+ Ke6 71. Rb1 Bd6 72. Rb6 Ke5 73. Rb5+ Ke6 74. Kd4 Be5+ 75. Ke3 Bd6 76. Kf3 Be5 77. Kg4 Bd6 78. Rb6 Ke7 79. Kf5 Be5 80. Re6+ Kf7 81. Ra6 Ke7 82. Ra5 Kd6 83. Ra6+ Ke7 84. Re6+ Kf7 85. Ra6 Ke7 1/2-1/2


[Site "https://www.chess.com"]

[Event "Titled Tuesday Blitz August 22 Early 2023"]
[White "Carroll, Thomas"]
[Black "Tiarks, Jann-Christian"]
[WhiteFideId "450111"]
[BlackFideId "12951595"]
[WhiteElo "2440"]
[BlackElo "2316"]
[Result "0-1"]
[Round "9"]
[TimeControl "180+1"]
[Date "2023.08.22"]
[WhiteClock "0:00:17"]
[BlackClock "0:00:59"]
[Board "124"]

1. c4 e5 2. Nc3 Nf6 3. g3 c6 4. d4 e4 5. d5 Bb4 6. Bg5 h6 7. Bxf6 Qxf6 8. Rc1 O-O 9. Bg2 Qe5 10. e3 f5 11. Ne2 d6 12. O-O Nd7 13. Qd4 c5 14. Qd1 a6 15. Nf4 Nf6 16. Ng6 Qe8 17. Nxf8 Qxf8 18. Ne2 Bd7 19. Nf4 Qe7 20. a3 Ba5 21. Rb1 g5 22. Ne2 Bc7 23. b4 b6 24. bxc5 dxc5 25. Nc3 Qe5 26. Qd2 Rf8 27. d6 Bxd6 28. Rfd1 Bc7 29. Nd5 Nxd5 30. Qxd5+ Qxd5 31. cxd5 b5 32. d6 Ba5 33. g4 c4 34. gxf5 c3 35. Bxe4 Bxf5 36. Bxf5 Rxf5 37. d7 Rf8 38. Rd6 Rd8 39. Rxa6 Rxd7 40. Rc1 Rd2 41. Rxa5 c2 42. Ra8+ Kg7 43. Rc8 Rd1+ 44. Kg2 Rxc1 45. Rc5 Kf6 46. Kf3 Ke6 47. e4 Kd6 48. Rc8 Kd7 49. Rc5 Kd6 50. Rc8 Rh1 51. Rxc2 Rxh2 52. Rd2+ Ke6 53. Rb2 Rh3+ 54. Kg4 Rxa3 55. Rxb5 Ra2 56. f3 Rg2+ 57. Kh3 Rg1 58. Rb6+ Ke5 59. Rxh6 g4+ 60. fxg4 Rh1+ 0-1


[Site "https://www.chess.com"]

[Event "Titled Tuesday Blitz August 22 Early 2023"]
[White "Hrescak, Ivana"]
[Black "Begunov, Konstantin"]
[WhiteFideId "14613441"]
[BlackFideId "4118510"]
[WhiteElo "2305"]
[BlackElo "2435"]
[Result "0-1"]
[Round "9"]
[TimeControl "180+1"]
[Date "2023.08.22"]
[WhiteClock "0:00:00"]
[BlackClock "0:00:18"]
[Board "125"]

1. e4 c5 2. Nf3 d6 3. c3 Nf6 4. Be2 Nc6 5. d4 cxd4 6. cxd4 d5 7. e5 Ne4 8. O-O Bg4 9. h3 Bh5 10. Nbd2 e6 11. Re1 Qb6 12. Nxe4 dxe4 13. Nd2 Bg6 14. Bh5 Qxd4 15. Bxg6 hxg6 16. Rxe4 Qd5 17. Qe1 Nd4 18. Nb3 Nc2 19. Qe2 Nxa1 20. Nxa1 Rc8 21. Bf4 Qc5 22. Nb3 Qd5 23. Rd4 Qc6 24. Kh2 Be7 25. Na5 Qb6 26. Nb3 O-O 27. h4 Rfd8 28. Re4 Qa6 29. Qf3 Qxa2 30. h5 gxh5 31. Nd4 Qb1 32. Re3 Qg6 33. Ne2 Qg4 34. Qe4 Rc5 35. Rg3 Qf5 36. Qf3 Rdd5 37. Ng1 Rc4 38. Nh3 Re4 0-1


[Site "https://www.chess.com"]

[Event "Titled Tuesday Blitz August 22 Early 2023"]
[White "Pershina, Elena"]
[Black "Zampronha, Wladimir Camilo"]
[WhiteFideId "24147516"]
[BlackFideId "2103087"]
[WhiteElo "2427"]
[BlackElo "2293"]
[Result "1/2-1/2"]
[Round "9"]
[TimeControl "180+1"]
[Date "2023.08.22"]
[WhiteClock "0:00:10"]
[BlackClock "0:00:23"]
[Board "126"]

1. c4 Nf6 2. g3 e6 3. Bg2 d5 4. Nf3 d4 5. O-O c5 6. d3 Nc6 7. e3 Be7 8. exd4 cxd4 9. a3 a5 10. Bg5 Nd7 11. Bxe7 Qxe7 12. Nbd2 O-O 13. Re1 Nc5 14. Qc2 Rd8 15. Rab1 a4 16. h4 h6 17. Ne5 Nxe5 18. Rxe5 Qd6 19. Rbe1 Ra6 20. h5 f6 21. R5e2 e5 22. Bf3 Bd7 23. Kg2 Bc6 24. Ne4 Nxe4 25. Bxe4 Bxe4+ 26. Rxe4 Qd7 27. c5 Qd5 28. Kg1 Rc8 29. Rc1 Qf7 30. Qc4 Rac6 31. Qxa4 Qxh5 32. b4 Qf3 33. Qd1 Qf5 34. Re2 b6 35. Rec2 bxc5 36. Rxc5 Rxc5 37. Rxc5 Rxc5 38. bxc5 e4 39. dxe4 Qxe4 40. Qb3+ Kh7 41. c6 Qxc6 42. Qd3+ Kh8 43. Qxd4 Qc1+ 44. Kg2 Qxa3 45. Qd8+ Kh7 46. Qd5 Qf8 47. Qe4+ Kh8 48. Qd5 Qg8 49. Qe4 Qf8 50. Qf5 Kg8 51. Qe6+ Qf7 52. Qc8+ Kh7 53. Qf5+ g6 54. Qe4 Kg7 55. Qc6 Qe7 56. Qd5 h5 57. Qc6 f5 58. Qc3+ Kh6 59. Qd2+ Kg7 60. Qc3+ Qf6 61. Qc7+ Kh6 62. Qc1+ Qg5 63. Qc8 Qf6 64. Qc1+ Kg7 65. Qc7+ Kf8 66. Qc8+ Ke7 67. Qc7+ Kf8 68. Qc8+ Kf7 69. Qc7+ Qe7 70. Qc4+ Kf6 71. Qc3+ Qe5 72. Qc6+ Qe6 73. Qc3+ Kf7 74. Qc7+ Qe7 75. Qc4+ Kg7 76. Qc3+ 1/2-1/2


[Site "https://www.chess.com"]

[Event "Titled Tuesday Blitz August 22 Early 2023"]
[White "Buchenau, Frank"]
[Black "Fernandez Hernandez, Gerardo"]
[WhiteFideId "4604350"]
[BlackFideId "2207400"]
[WhiteElo "2427"]
[BlackElo "2272"]
[Result "1-0"]
[Round "9"]
[TimeControl "180+1"]
[Date "2023.08.22"]
[WhiteClock "0:01:28"]
[BlackClock "0:00:11"]
[Board "127"]

1. e4 e6 2. Nf3 d5 3. Nc3 Nf6 4. e5 Nfd7 5. d4 c5 6. dxc5 Nc6 7. Bf4 Bxc5 8. Bd3 f6 9. exf6 Qxf6 10. Bg3 O-O 11. O-O Nd4 12. Nxd4 Bxd4 13. Qh5 g6 14. Qe2 Nc5 15. Rae1 Bd7 16. Be5 Bxe5 17. Qxe5 Qxe5 18. Rxe5 Nxd3 19. cxd3 Rac8 20. d4 Rc4 21. Rd1 Rf4 22. Ne2 Rf8 23. Rd2 Rfc8 24. f3 Rc2 25. Rxc2 Rxc2 26. Nf4 Rxb2 27. Nxe6 Bxe6 28. Rxe6 Rxa2 29. Rd6 Ra5 30. Rd7 Rb5 31. Kf2 a5 32. Ke3 a4 33. Rd8+ Kf7 34. Ra8 Rb3+ 35. Kf4 b5 36. Ke5 a3 37. Ra7+ Ke8 38. Ke6 Re3+ 39. Kxd5 b4 40. Kc4 b3 41. Rxa3 b2 42. Rxe3+ Kf7 43. Rb3 1-0


[Site "https://www.chess.com"]

[Event "Titled Tuesday Blitz August 22 Early 2023"]
[White "Baches Garcia, Guillermo"]
[Black "Sava, Christiansen-Danut-Eugen"]
[WhiteFideId "2209764"]
[BlackFideId "1210114"]
[WhiteElo "2425"]
[BlackElo "2239"]
[Result "1-0"]
[Round "9"]
[TimeControl "180+1"]
[Date "2023.08.22"]
[WhiteClock "0:00:36"]
[BlackClock "0:00:00"]
[Board "128"]

1. e4 c5 2. Nf3 Nc6 3. d4 cxd4 4. Nxd4 e6 5. Nc3 Nge7 6. Ndb5 d5 7. exd5 Nxd5 8. Nxd5 exd5 9. Qxd5 Bb4+ 10. c3 Qe7+ 11. Be3 Be6 12. Qg5 f6 13. Qf4 g5 14. Qc7 Ba5 15. Nd6+ Kf8 16. Qxe7+ Kxe7 17. Nxb7 Bb6 18. Nc5 Bf7 19. Bb5 Ne5 20. O-O-O Rhd8 21. Rxd8 Rxd8 22. Nb3 Bxe3+ 23. fxe3 Ng4 24. h3 Nf2 25. Rf1 Nd3+ 26. Bxd3 Rxd3 27. Nd4 Bxa2 28. Kc2 Bc4 29. Ra1 Rxe3 30. Nf5+ Ke6 31. Nxe3 Bb5 32. Rxa7 Ke5 33. Rxh7 Kf4 34. Re7 Bc6 35. b4 Kg3 36. c4 Kh2 37. b5 Ba8 38. c5 f5 39. Nxf5 Bxg2 40. c6 1-0


[Site "https://www.chess.com"]

[Event "Titled Tuesday Blitz August 22 Early 2023"]
[White "Dilmukhametov, Artur"]
[Black "Zeck_CH"]
[WhiteFideId "24179922"]
[WhiteElo "2197"]
[BlackElo "2424"]
[Result "0-1"]
[Round "9"]
[TimeControl "180+1"]
[Date "2023.08.22"]
[WhiteClock "0:00:00"]
[BlackClock "0:01:31"]
[Board "129"]

1. e4 c6 2. d4 g6 3. Nc3 d5 4. Be3 Bg7 5. h3 Nf6 6. e5 Nfd7 7. e6 fxe6 8. f4 Nb6 9. Nf3 O-O 10. Bd3 N8d7 11. O-O Nf6 12. Qe1 Nc4 13. Bc1 c5 14. Bxc4 dxc4 15. dxc5 Qc7 16. Qf2 Nh5 17. Ne2 Bd7 18. Qe3 Rac8 19. c3 Qxc5 20. Qxc5 Rxc5 21. Be3 Rb5 22. Rab1 a6 23. Nfd4 Rd5 24. g4 Nf6 25. Ng3 Bc8 26. Rfd1 Rfd8 27. Kf2 h5 28. g5 Ne8 29. Ke2 Nc7 30. Nf3 Kf7 31. Ne4 Nb5 32. a4 Nd6 33. Nc5 Nf5 34. Bf2 b6 35. Ne4 b5 36. axb5 axb5 37. Ra1 Rxd1 38. Rxd1 Rd5 39. Ra1 Bb7 40. Ra7 Rd7 41. Nc5 Bxf3+ 0-1


[Site "https://www.chess.com"]

[Event "Titled Tuesday Blitz August 22 Early 2023"]
[White "Dwilewicz, Katarzyna"]
[Black "campochess"]
[WhiteFideId "1148486"]
[WhiteElo "2419"]
[BlackElo "2193"]
[Result "1-0"]
[Round "9"]
[TimeControl "180+1"]
[Date "2023.08.22"]
[WhiteClock "0:00:07"]
[BlackClock "0:00:00"]
[Board "130"]

1. e4 c5 2. Nf3 Nc6 3. c3 e6 4. d4 cxd4 5. cxd4 d5 6. e5 Bb4+ 7. Bd2 Bxd2+ 8. Qxd2 Nge7 9. Nc3 a6 10. Bd3 h6 11. O-O Bd7 12. Rac1 Rc8 13. b3 O-O 14. Na4 Rc7 15. Nc5 Bc8 16. Rc2 f6 17. exf6 Rxf6 18. Re1 Qd6 19. Qe3 Nf5 20. Bxf5 exf5 21. Ne5 f4 22. Qd2 Bf5 23. Rc3 Bc8 24. f3 b6 25. Na4 Ne7 26. Rec1 Rxc3 27. Qxc3 Bf5 28. Qc7 Qe6 29. Qd8+ Rf8 30. Qxb6 Qxb6 31. Nxb6 Be6 32. Na4 Nf5 33. Nc6 Bd7 34. Nb6 Bxc6 35. Rxc6 Nxd4 36. Rd6 Re8 37. Rxd5 Ne2+ 38. Kf2 Nc3 39. Rd2 Re6 40. Nd5 Rd6 41. Ne7+ Kf7 42. Rxd6 Kxe7 43. Rxa6 h5 44. a4 g5 45. b4 Nd5 46. b5 g4 47. Rh6 Nc3 48. Rxh5 gxf3 49. Kxf3 Nxa4 50. Kxf4 Kf6 51. Rd5 Nc3 52. Rd6+ Ke7 53. Rb6 Nd5+ 54. Ke5 Nxb6 55. g4 Kf7 56. h4 Kg6 57. Kd6 Nc4+ 58. Kc5 Ne5 59. b6 1-0


[Site "https://www.chess.com"]

[Event "Titled Tuesday Blitz August 22 Early 2023"]
[White "Prudnykova, Olga"]
[Black "Kleiman, Jake"]
[WhiteFideId "14121093"]
[BlackFideId "2020041"]
[WhiteElo "2381"]
[BlackElo "2656"]
[Result "0-1"]
[Round "9"]
[TimeControl "180+1"]
[Date "2023.08.22"]
[WhiteClock "0:00:02"]
[BlackClock "0:00:26"]
[Board "132"]

1. e4 e5 2. d4 exd4 3. Qxd4 Nc6 4. Qc4 Nf6 5. Nc3 Bb4 6. Bg5 O-O 7. Ne2 d5 8. Bxf6 dxc4 9. Bxd8 Rxd8 10. a3 Bc5 11. f3 Be3 12. Nd5 Bb6 13. Nec3 Ne5 14. O-O-O Be6 15. Be2 c6 16. Nxb6 axb6 17. h3 g5 18. h4 Rxd1+ 19. Nxd1 h6 20. hxg5 hxg5 21. Rh5 f6 22. c3 Kg7 23. Ne3 b5 24. g3 Ng6 25. Ng2 Bf7 26. Rh1 Re8 27. Kd2 Re7 28. Bd1 Ne5 29. Rf1 Nd3 30. Bc2 Nxb2 31. g4 Rd7+ 32. Kc1 Nd3+ 33. Bxd3 Rxd3 34. Kc2 Be6 35. Rf2 Kg6 36. Ne1 Rd8 37. Ng2 b6 38. Ne3 Rd3 39. Nd1 c5 40. Nb2 Rd8 41. Rd2 Rxd2+ 42. Kxd2 Kf7 43. Ke3 Ke7 44. Nd1 Kd6 45. Nf2 Ke5 46. Nh1 Bf7 47. Ng3 Bg6 48. Ne2 Kd6 49. Ng3 Kc6 50. f4 gxf4+ 51. Kxf4 b4 52. axb4 cxb4 53. Nf1 bxc3 54. Ke3 Kc5 55. g5 fxg5 56. e5 b5 57. e6 b4 58. e7 b3 59. Ke2 b2 60. Ne3 b1=Q 61. Kf3 Qd3 62. e8=Q Bxe8 0-1


[Site "https://www.chess.com"]